 Dungeon Crawl Stone Soup version 0.28-b1-25-g9875b3fc8c (webtiles) character file.

Game seed: 13097673864112639203

81 tilp the Magician (level 4, -1/31 HPs)
             Began as a Djinni Fire Elementalist on Feb 5, 2022.
             Slain by a goblin (2 damage)
             ... led by Robin
             ... on level 2 of the Dungeon.
             The game lasted 00:03:16 (3221 turns).

tilp the Magician (Djinni Fire Elementalist)        Turns: 3221, Time: 00:03:16

Health: -1/31      AC:  2    Str:  7    XL:     4   Next: 68%
Gold:   85         EV: 12    Int: 19    God:
                   SH:  0    Dex: 13

rFire   + + .      SeeInvis .   a - +2 short sword (flame)
rCold   x . .      Faith    .   (no shield)
rNeg    . . .      Spirit   .   e - +0 robe
rPois   ∞          Reflect  .   (no helmet)
rElec   .          Harm     .   (no cloak)
rCorr   .          Rampage  .   (no gloves)
Will    .....                   (boots unavailable)
Stlth   ++........              (no amulet)
HPRegen 0.10/turn               (no ring)
MPRegen 0.00/turn               (no ring)

@: flying
A: sickness immunity, fire resistance 2, cold vulnerability 1, float, innate
caster, HP casting, extra vitality 1
a: no special abilities


You were on level 2 of the Dungeon.
You visited 1 branch of the dungeon, and saw 3 of its levels.

You collected 85 gold pieces.

Inventory:

Hand Weapons
 a - a +2 short sword of flaming (weapon)
 b - a +0 spear
Missiles
 c - 6 boomerangs
 h - a throwing net
Armour
 e - a +0 robe (worn)
Scrolls
 f - a scroll of teleportation
 i - a scroll of vulnerability {unknown}
Potions
 d - a potion of lignification {unknown}
 g - a potion of heal wounds {unknown}
 j - a potion of curing
 k - a potion of mutation {unknown}


   Skills:
 + Level 0.1 Fighting
 - Level 2.1 Dodging
 - Level 1.5 Stealth
 - Level 4.0 Spellcasting


You couldn't memorise any spells.
You knew the following spells:

 Your Spells              Type           Power      Damage    Failure   Level
a - Foxfire               Conj/Fire      76%        2x1d7     2%          1
b - Scorch                Fire           38%        2d6       4%          2
c - Conjure Flame         Conj/Fire      19%        6-21      8%          3
d - Inner Flame           Hex/Fire       19%        N/A       8%          3
e - Flame Wave            Conj/Fire      19%        2d6       26%         4
f - Pain                  Necr           76%        1d7       2%          1
Your spell library was empty.

Dungeon Overview and Level Annotations

Branches:
Dungeon (3/15)

Altars:

Annotations:
D:3 Robin


Innate Abilities, Weirdness & Mutations

You are immune to sickness and miasma.
You are immune to poison.
Your flesh is very heat resistant. (rF++)
You are vulnerable to cold. (rC-)
You float through the air rather than walking.
You learn spells naturally, not from books.
Your magical power is your life essence.
You have superior vitality. (+4 MHP)


Message History

The goblin hits you with a +0 club. x2; Robin throws the goblin at you!
The goblin misses you. The goblin hits you with a +0 club.
The goblin closely misses you. The goblin barely misses you.
There is a stone staircase leading up here.
Casting: Scorch (safe; 4% risk of failure)
Confirm with . or Enter, or press ? or * to list all spells.
Flames lash the endoplasm.
You kill the endoplasm!
The goblin barely misses you.
Training target 4.0 for Spellcasting reached!
Your Spellcasting skill increases to level 4!
You need to enable at least one skill for training.
Casting: Scorch (safe; 4% risk of failure)
Confirm with . or Enter, or press ? or * to list all spells.
Flames lash the goblin.
You kill the goblin!
* * * LOW HITPOINT WARNING * * *
The goblin hits you but does no damage.
Unknown command.
The goblin hits you with a +0 club.
* * * LOW HITPOINT WARNING * * *
You fly upwards.
There is a stone staircase leading down here.
Unknown command.
You barely miss the goblin. The goblin hits you with a +0 club.
* * * LOW HITPOINT WARNING * * *
You hit the goblin but do no damage. The goblin hits you with a +0 club.
* * * LOW HITPOINT WARNING * * *
You barely miss the goblin. The goblin hits you with a +0 club.
* * * LOW HITPOINT WARNING * * *
The goblin closely misses you.
Casting: Scorch (safe; 4% risk of failure)
Confirm with . or Enter, or press ? or * to list all spells.
You don't have enough health to cast this spell.
Unknown command.
You hit the goblin. You burn the goblin.
The goblin is severely wounded.
The goblin hits you with a +0 club.
You die...

#### ######...
#........
##########....(...
#@g...............
#.####...###.#####
#........+........
#.####...###.#####
#.# #...# #.## #.#
#...# #..# #.#
########.####
########.#
#.......
#.....##.#
#.......


You could see a goblin.

Vanquished Creatures
  A gnoll (D:3)
  An adder (D:3)
  3 dart slugs
  2 ball pythons
  5 endoplasms
  10 giant cockroaches
  2 goblins
  5 hobgoblins
  5 kobolds
  3 quokkas
  6 bats
  2 frilled lizards
  5 rats
50 creatures vanquished.

Vanquished Creatures (others)
  48 foxfires (D:1)
48 creatures vanquished.

Grand Total: 98 creatures vanquished

Notes
Turn   | Place    | Note
-------+----------+-------------------------------------------
     0 | D:1      | tilp the Djinni Fire Elementalist began the quest for the
                  | Orb.
     0 | D:1      | Reached XP level 1. HP: 15/15 MP: 0/0
   308 | D:1      | Reached XP level 2. HP: 18/21 MP: 0/0
   623 | D:1      | Reached skill level 3 in Spellcasting
   674 | D:1      | Found a faded altar of an unknown god.
   675 | D:1      | Noticed a floating eye
   679 | D:1      | Noticed an eye of devastation
   736 | D:1      | Noticed a golden eye
   736 | D:1      | Noticed a floating eye
   801 | D:1      | Reached XP level 3. HP: 13/25 MP: 0/0
   801 | D:1      | Learned a level 1 spell: Pain
  1933 | D:2      | Reached XP level 4. HP: 16/31 MP: 0/0
  3195 | D:3      | Noticed Robin
  3215 | D:3      | Reached skill level 4 in Spellcasting
  3220 | D:2      | HP: 1/31 [goblin[Robin] (4)]
  3221 | D:2      | Slain by a goblin

Illustrated notes

Levels and vault maps discovered:
D:1:      scummos_arrival_star, layout_basic,
          hellmonk_ecumenical_altar_watching_god,
          amcnicky_mini_corridor_feature, minmay_misc_feat_enclosed,
          minmay_close_crescents
D:2:      layout_basic, minmay_worlds_worst_comb
D:3:      layout_loops_corners, minmay_surrounded, uniq_robin

Skill      XL: |  1  2  3  4 |
---------------+-------------+-----
Spellcasting   | 3 4 |  4.0
Fighting       | |  0.1
Dodging        | |  2.1
Stealth        | |  1.5

Action                   |  1- 3 |  4- 6 || total
-------------------------+-------+-------++-------
Melee: Spear             |    18 |       ||    18
       Unarmed           |     1 |       ||     1
       Short sword       |    19 |    17 ||    36
       Punch             |       |     1 ||     1
 Cast: Foxfire           |    29 |       ||    29
       Scorch            |    20 |    12 ||    32
  Use: Scroll            |     6 |       ||     6
 Stab: Sleeping          |     5 |     1 ||     6
Armor: Robe              |    14 |     3 ||    17
Dodge: Dodged            |    24 |    15 ||    39
